 Dungeon Crawl Stone Soup version 0.28-a0-991-g956f0ee3d5 (webtiles) character file.

Game seed: 6471886284627191708

42 Blackjack the Magician (level 3, -1/25 HPs)
             Began as a Gnoll Hedge Wizard on Dec 4, 2021.
             Slain by Crazy Yiuf (4 damage)
             ... on level 2 of the Dungeon.
             The game lasted 00:08:41 (1597 turns).

Blackjack the Magician (Gnoll Hedge Wizard)         Turns: 1597, Time: 00:08:42

Health: -1/25      AC:  3    Str:  9    XL:     3   Next: 54%
Magic:  5/11       EV: 13    Int: 15    God:
Gold:   117        SH:  0    Dex: 11    Spells: 7/16 levels left

rFire   . . .      SeeInvis .   f - +3 dagger
rCold   . . .      Faith    .   (no shield)
rNeg    + . .      Spirit   .   b - +0 robe
rPois   .          Reflect  .   c - +0 hat
rElec   .          Harm     .   (no cloak)
rCorr   .          Rampage  .   (no gloves)
Will    .....                   i - +0 pair of boots
Stlth   ++........              (no amulet)
HPRegen 0.08/turn               a - ring of positive energy
MPRegen 0.12/turn               (no ring)

@: very slightly contaminated
A: fangs 1, strong nose, distributed training
a: no special abilities


You were on level 2 of the Dungeon.
You visited 1 branch of the dungeon, and saw 2 of its levels.

You collected 117 gold pieces.

Inventory:

Hand Weapons
 f - a +3 dagger (weapon)
Armour
 b - a +0 robe (worn)
 c - a +0 hat (worn)
 i - a +0 pair of boots (worn)
Jewellery
 a - a ring of positive energy (left hand)
Scrolls
 e - a scroll of magic mapping {unknown}
 g - 2 scrolls of identify {unknown}
 j - a scroll of enchant weapon {unknown}
Potions
 d - 3 potions of curing {unknown}
 h - a potion of ambrosia {unknown}


   Skills:
 + Level 0.8 Fighting
 + Level 0.8 Short Blades
 + Level 0.8 Long Blades
 + Level 0.8 Axes
 + Level 0.8 Maces & Flails
 + Level 0.8 Polearms
 + Level 0.8 Staves
 + Level 0.8 Slings
 + Level 0.8 Bows
 + Level 0.8 Crossbows
 + Level 0.8 Throwing
 + Level 0.8 Armour
 + Level 4.5 Dodging
 + Level 4.1 Stealth
 + Level 0.8 Shields
 + Level 0.8 Unarmed Combat
 + Level 7.1 Spellcasting
 + Level 2.1 Conjurations
 + Level 0.5 Hexes
 + Level 2.1 Summonings
 + Level 0.5 Necromancy
 + Level 2.1 Translocations
 + Level 0.5 Transmutations
 + Level 0.5 Fire Magic
 + Level 0.5 Ice Magic
 + Level 0.5 Air Magic
 + Level 0.5 Earth Magic
 + Level 0.5 Poison Magic
 + Level 1.0 Invocations
 + Level 0.8 Evocations


You had 7 spell levels left.
You knew the following spells:

 Your Spells              Type           Power      Damage    Failure   Level
a - Magic Dart            Conj           44%        1d5       5%          1
b - Blink                 Tloc           22%        N/A       9%          2
c - Call Imp              Summ           11%        N/A       9%          2
d - Slow                  Hex            28%        N/A       11%         1
e - Mephitic Cloud        Conj/Pois/Air  8%         N/A       26%         3

Your spell library contained the following spells:

 Spells                   Type           Power      Damage    Failure   Level
 Conjure Flame            Conj/Fire      9%         6-21      22%         3


Dungeon Overview and Level Annotations

Branches:
Dungeon (2/15)

Altars:

Annotations:
D:1 1 runed translucent door
D:2 Crazy Yiuf


Innate Abilities, Weirdness & Mutations

You have very sharp teeth.
Your uncanny sense of smell can sniff out nearby items.
Your experience applies equally to all skills.


Message History

You start memorising the spell.
You continue memorising. x3
You finish memorising.
Spell assigned to 'e'.
Unknown command.
Crazy Yiuf yells, "Tosser!
Island hand childish."
You open the door.
Crazy Yiuf grits, "Cholesterol bush arga!"
Casting: Magic Dart (safe; 5% risk of failure)
Confirm with . or Enter, or press ? or * to list all spells.
A beastly little devil appears in a puff of frigid air.
Crazy Yiuf barely misses you.
Crazy Yiuf says, "Island!"
Your white imp hits Crazy Yiuf but does no damage.
Casting: Call Imp (safe; 9% risk of failure)
Confirm with . or Enter, or press ? or * to list all spells.
You don't know that spell.
Casting: Call Imp (safe; 9% risk of failure)
Confirm with . or Enter, or press ? or * to list all spells.
Aiming: Slow (safe; 11% risk of failure)
Press: ? - help, Shift-Dir - straight line, f - Crazy Yiuf
Aim: Crazy Yiuf, wielding a +2 quarterstaff of chaos and wearing a +0 cloak (ally target, chance to affect: 50%) Crazy Yiuf resists with some effort.
Your white imp barely misses Crazy Yiuf.
Crazy Yiuf screams, "Tonal!"
Crazy Yiuf hits you with a +2 quarterstaff of chaos.
Space warps around you!
Casting: Slow (safe; 11% risk of failure)
Confirm with . or Enter, or press ? or * to list all spells.
The spell is extremely dangerous to miscast (26% risk of failure)!
Continue anyway?
Uppercase [Y]es or [N]o only, please.
The spell is extremely dangerous to miscast (26% risk of failure)!
Continue anyway?
Aiming: Mephitic Cloud (extremely dangerous; 26% risk of failure)
Press: ? - help, Shift-Dir - straight line, p - Crazy Yiuf You miscast Mephitic Cloud.
You are very lightly contaminated with residual magic.
Nothing appears to happen.
Your white imp hits Crazy Yiuf.
Your white imp freezes Crazy Yiuf.
Crazy Yiuf hits you with a +2 quarterstaff of chaos!
* * * LOW HITPOINT WARNING * * *
Crazy Yiuf burns you.
You die...

##...<...#......>#
...........#####.###
############ #.# #.#
#.## ### ####..#
#)..### ##.#...#
#...'.####......#
#...##..#..g@..##
### ###.#5.#.##
########


You could see Crazy Yiuf (ally target) and a friendly white imp (summoned).

Vanquished Creatures
  An adder (D:2)
  4 ball pythons (D:1)
  4 bats (D:1)
  4 endoplasms
  4 goblins (D:1)
  4 hobgoblins
  3 kobolds
  A frilled lizard (D:1)
  2 rats (D:2)
27 creatures vanquished.

Notes
Turn   | Place    | Note
-------+----------+-------------------------------------------
     0 | D:1      | Blackjack the Gnoll Hedge Wizard began the quest for the
                  | Orb.
     0 | D:1      | Reached XP level 1. HP: 13/13 MP: 8/8
     1 | D:1      | Found a runed translucent door.
   273 | D:1      | Reached XP level 2. HP: 19/19 MP: 5/10
   321 | D:1      | Learned a level 2 spell: Blink
   324 | D:1      | Learned a level 2 spell: Call Imp
   954 | D:1      | Reached XP level 3. HP: 25/25 MP: 8/11
  1250 | D:2      | Found a faded altar of an unknown god.
  1405 | D:2      | Reached skill level 1 in Invocations
  1531 | D:2      | Found a runed translucent door.
  1532 | D:2      | Noticed Crazy Yiuf
  1556 | D:2      | Learned a level 1 spell: Slow
  1574 | D:2      | Learned a level 3 spell: Mephitic Cloud
  1597 | D:2      | Slain by Crazy Yiuf

Illustrated notes

Levels and vault maps discovered:
D:1:      dpeg_arrival_caged_fury, layout_basic, chequers_serial_rivers_micro_c,
          hangedman_decor_growths
D:2:      layout_basic, basic_altar, hellmonk_ecumenical_altar_lost_god,
          uniq_crazy_yiuf_cottage

Skill      XL: |  1  2  3 |
---------------+----------+-----
Conjurations   | 2 |  2.1
Summonings     | 2 |  2.1
Translocations | 2 |  2.1
Invocations    | 1 |  1.0
Fighting       | |  0.8
Short Blades   | |  0.8
Long Blades    | |  0.8
Axes           | |  0.8
Maces & Flails | |  0.8
Polearms       | |  0.8
Staves         | |  0.8
Slings         | |  0.8
Bows           | |  0.8
Crossbows      | |  0.8
Throwing       | |  0.8
Armour         | |  0.8
Dodging        | |  4.5
Stealth        | |  4.1
Shields        | |  0.8
Unarmed Combat | |  0.8
Spellcasting   | |  7.1
Hexes          | |  0.5
Necromancy     | |  0.5
Transmutations | |  0.5
Fire Magic     | |  0.5
Ice Magic      | |  0.5
Air Magic      | |  0.5
Earth Magic    | |  0.5
Poison Magic   | |  0.5
Evocations     | |  0.8

Action                   || total
-------------------------++-------
 Cast: Magic Dart        ||    65
       Slow              ||     1
       Call Imp          ||     1
Armor: Robe              ||     1
Dodge: Dodged            ||     9

Table legend: (Time is in decaauts)
 A = Elapsed time spent in this place.
 B = Non-inter-level travel time spent in this place.
 C = Inter-level travel time spent in this place.
 D = Time resting spent in this place.
 E = Time spent auto-exploring this place.
 F = Levels seen in this place.
 G = Mean time per level.
                   A        B        C        D        E       F      G
               +--------+--------+--------+--------+--------+-----+--------+
         Total |   1595 |   1591 |      4 |      0 |   1367 |   2 |  797.5 |
       Dungeon |   1595 |   1591 |      4 |      0 |   1367 |   2 |  797.5 |
               +--------+--------+--------+--------+--------+-----+--------+

Top non-repeatable levels by time:
     D:1: 1209 daAuts
     D:2: 386 daAuts
